 Dungeon Crawl Stone Soup version 0.27-b1-42-g19c61b19a5 (webtiles) character file.

Game seed: 6800903378429561687

406 pascalblue the Digger (level 6, -13/32 HPs)
             Began as a Deep Elf Earth Elementalist on July 29, 2021.
             Mangled by a harpy (shapeshifter) (14 damage)
             ... on level 4 of the Dungeon.
             The game lasted 00:11:27 (3857 turns).

pascalblue the Digger (Deep Elf Earth Elementalist) Turns: 3857, Time: 00:11:27

Health: -13/32     AC:  6    Str:  5      XL:     6   Next: 56%
Magic:  16/16      EV: 13    Int: 22      God:
Gold:   218        SH:  5    Dex: 20 (21) Spells: 12/16 levels left

rFire    . . .     SeeInvis .   s - +4 quarterstaff (chaos)
rCold    . . .     Faith    .   (shield currently unavailable)
rNeg     . . .     Spirit   .   p - +1 animal skin
rPois    .         Reflect  +   q - +0 helmet
rElec    .         Harm     .   d - +0 cloak
rCorr    .         Rampage  .   h - +0 pair of gloves
Will     .....                  (no boots)
Stlth    +++.......             t - amulet of reflection
HPRegen  0.10/turn              y - +6 ring of dexterity
MPRegen  0.15/turn              (no ring)

@: no status effects
A: no striking features
a: no special abilities


You were on level 4 of the Dungeon.
You visited 1 branch of the dungeon, and saw 4 of its levels.

You collected 218 gold pieces.

Inventory:

Hand Weapons
 e - a +0 triple crossbow
 f - a +0 dagger
 n - a +0 mace of protection
 o - a +0 mace
 s - a +4 quarterstaff of chaos (weapon)
Missiles
 c - 35 stones
 j - 25 poisoned darts
 l - 21 bolts
Armour
 b - a +0 robe
 d - a +0 cloak (worn)
 h - a +0 pair of gloves (worn)
 p - a +1 animal skin (worn)
 q - a +0 helmet (worn)
Jewellery
 i - a ring of protection from fire
 m - a ring of flight
 t - an amulet of reflection (around neck)
 y - a +6 ring of dexterity (left hand)
Wands
 r - a wand of iceblast (9)
Scrolls
 u - 2 scrolls of noise
 w - a scroll of blinking
Potions
 a - a potion of heal wounds
 g - a potion of attraction {unknown}
 k - a potion of brilliance {unknown}
 v - a potion of haste {unknown}


   Skills:
 - Level 0.1 Fighting
 - Level 0.1 Short Blades
 - Level 2.5 Dodging
 - Level 3.8 Stealth
 + Level 5.6 Spellcasting
 + Level 2.2 Conjurations
 - Level 1.1 Transmutations
 * Level 6.0 Earth Magic


You had 12 spell levels left.
You knew the following spells:

 Your Spells              Type           Power      Damage    Failure   Level
a - Sandblast             Erth           64%        2d14      1%          1
b - Stone Arrow           Conj/Erth      48%        3d10      5%          3

Your spell library contained the following spells:

 Spells                   Type           Power      Damage    Failure   Level
 Passwall                 Tmut/Erth      17%        N/A       3%          2
 Petrify                  Tmut/Erth      21%        N/A       22%         4


Dungeon Overview and Level Annotations

Branches:
Dungeon (4/15)
 Temple: D:4-7

Altars:

Shops:
D:3 *   D:4 =


Message History

There are no items here.
You feel agile.
y - a +6 ring of dexterity (left hand)
z - a scroll labelled ORUFAR NEFY
As you read the scroll labelled ORUFAR NEFY, it crumbles to dust.
You feel aware of your surroundings.
You sensed 1 altar, and 1 shop/portal.
It was a scroll of magic mapping.
As you read the scroll labelled VEAXTI BUFU, it crumbles to dust.
The air around you briefly surges with heat, but it dissipates.
It was a scroll of immolation.
Unknown command.
Partly explored, unvisited transporter.
Partly explored, unvisited transporter.
You see here a +0 chain mail.
There is a transporter here.
You enter the transporter and appear at another place.
There is a stone staircase leading up here.
Found Caafyu's Jewellery Boutique.
There is an entrance to Caafyu's Jewellery Boutique here.
You open the door.
A hobgoblin comes into view.
There is an open door here.
Found a scroll labelled DUAL XIMUCLE.
Found a stone staircase leading up.
The hobgoblin shouts!
You hear an angry hiss.
A ball python comes into view.
You hit the hobgoblin.
The hobgoblin changes into a shapeshifter!
The shapeshifter changes into a harpy!
You hit the harpy.
The harpy flickers and vanishes!
Deactivating autopickup; reactivate with Ctrl-A.
Something completely misses you. Something barely misses you.
Something claws you but does no damage. Something claws you.
There is an open door here.
Something claws you. x2
Something barely misses you. You block something's attack. Something claws you!
* * * LOW HITPOINT WARNING * * *
Something claws you!
* * * LOW HITPOINT WARNING * * *
You closely miss something. Something claws you!
You die...

.##....#
#..............,,,**,,
.#.....#
#..............,,,,,,,
.#.....#
#..............,,***,,
.#.....# #............#****
**, ##.....# #...?........#
*,
#....).#####............#
**
.............#*#....######
*
...........#######S......#
*
...........##...@'.......#
...........##.####.......#
....)........∩# #.......#
..............# #....$..#*
<.........#.#.# ####....<*
..........#.#.#*****,...##*
.....<....#.#..,,,,,,.#.#
#######+###.####****,**.#
*,* #..,,,,,,,,**,*


You could see a ball python.

Vanquished Creatures
  The ghost of vvl the Skirmisher, an amateur DsFi (D:4)
  A scorpion (D:3)
  2 quasits (D:4)
  Crazy Yiuf (D:3)
  A jelly (D:3)
  Jessica (D:2)
  Robin (D:2)
  An adder (D:2)
  A worm (D:2)
  4 ball pythons
  3 endoplasms
  4 giant cockroaches
  8 hobgoblins
  4 kobolds
  5 bats
  2 frilled lizards (D:3)
  7 goblins
  6 rats
53 creatures vanquished.

Notes
Turn   | Place    | Note
-------+----------+-------------------------------------------
     0 | D:1      | pascalblue the Deep Elf Earth Elementalist began the quest
                  | for the Orb.
     0 | D:1      | Reached XP level 1. HP: 10/10 MP: 6/6
   657 | D:1      | Reached XP level 2. HP: 13/15 MP: 6/8
  1140 | D:2      | Noticed Jessica
  1191 | D:2      | Killed Jessica
  1192 | D:2      | Reached skill level 4 in Earth Magic
  1192 | D:2      | Reached XP level 3. HP: 11/19 MP: 7/9
  1922 | D:2      | Noticed Robin
  2144 | D:2      | Killed Robin
  2145 | D:2      | Reached XP level 4. HP: 24/24 MP: 3/11
  2843 | D:3      | Found a faded altar of an unknown god.
  2920 | D:3      | Noticed a scorpion
  2940 | D:3      | Killed a scorpion
  2941 | D:3      | Reached XP level 5. HP: 8/28 MP: 4/14
  3203 | D:3      | Learned a level 3 spell: Stone Arrow
  3377 | D:3      | Reached skill level 5 in Earth Magic
  3393 | D:3      | Found Caudy's Assorted Antiques.
  3484 | D:3      | Found a runed translucent door.
  3485 | D:3      | Noticed Crazy Yiuf
  3492 | D:3      | Killed Crazy Yiuf
  3493 | D:3      | Reached skill level 5 in Spellcasting
  3493 | D:3      | Reached skill level 1 in Conjurations
  3581 | D:4      | Found a transporter.
  3585 | D:4      | Noticed vvl's ghost (amateur DsFi)
  3607 | D:4      | Found a transporter.
  3668 | D:4      | Killed vvl's ghost
  3669 | D:4      | Reached XP level 6. HP: 19/32 MP: 5/16
  3674 | D:4      | Reached skill level 6 in Earth Magic
  3833 | D:4      | Found Caafyu's Jewellery Boutique.
  3850 | D:4      | Noticed a shapeshifter
  3850 | D:4      | a hobgoblin changed into a shapeshifter
  3850 | D:4      | Noticed a harpy
  3850 | D:4      | a shapeshifter changed into a harpy
  3856 | D:4      | HP: 1/32 [something (8)]
  3857 | D:4      | Mangled by a harpy (shapeshifter)

Illustrated notes

Levels and vault maps discovered:
D:1:      kilobyte_arrival_exit_the_forest, layout_rooms
D:2:      layout_basic, serial_forest, infiniplex_forest_lined_3,
          infiniplex_forest_clump_small, infiniplex_forest_end_double,
          infiniplex_forest_straight_4, infiniplex_forest_straight_2,
          infiniplex_forest_lined_3_way, infiniplex_forest_lined_corner,
          uniq_jessica, uniq_robin
D:3:      layout_rooms, dreamdust_ecumenical_altar_statues, serial_shops, shop,
          uniq_crazy_yiuf_cottage
D:4:      layout_basic, mainiacjoe_overflow_cross_hatched,
          gammafunk_ghost_stat_death, serial_shops, shop

Skill      XL: |  1  2  3  4  5  6 |
---------------+-------------------+-----
Stealth        | 3 |  3.8
Earth Magic    | 4 5 6 |  6.0
Spellcasting   | 4 5 |  5.6
Conjurations   | 2 |  2.2
Fighting       | |  0.1
Short Blades   | |  0.1
Dodging        | |  2.5
Transmutations | |  1.1

Action                   |  1- 3 |  4- 6 || total
-------------------------+-------+-------++-------
Melee: Dagger            |    10 |    32 ||    42
       Unarmed           |     3 |       ||     3
       Quarterstaff      |       |     4 ||     4
 Cast: Sandblast         |    40 |    46 ||    86
  Use: Scroll            |       |     6 ||     6
 Stab: Sleeping          |     3 |     2 ||     5
Armor: Robe              |    15 |     2 ||    17
       Animal skin       |       |    21 ||    21
Dodge: Dodged            |    22 |    34 ||    56
Block: Other             |       |    17 ||    17
